 Dungeon Crawl Stone Soup version 0.29-a0-11-ga75d3d97ab (webtiles) character file.

Game seed: 7176846733804891376

156 bande the Covered (level 5, -3/33 HPs)
             Began as a Gargoyle Fighter on Jan 29, 2022.
             Slain by Crazy Yiuf (5 damage)
             ... on level 3 of the Dungeon.
             The game lasted 00:03:29 (3412 turns).

bande the Covered (Gargoyle Fighter)                Turns: 3412, Time: 00:03:31

Health: -3/33      AC: 11    Str: 22    XL:     5   Next: 38%
Magic:  5/5        EV:  9    Int:  8    God:
Gold:   71         SH: 10    Dex:  9    Spells: 4/4 levels left

rFire   . . .      SeeInvis .   a - +0 war axe
rCold   . . .      Faith    .   c - +1 buckler
rNeg    + . .      Spirit   .   b - +0 scale mail
rPois   ∞          Reflect  +   (no helmet)
rElec   +          Harm     .   (no cloak)
rCorr   .          Rampage  .   (no gloves)
Will    .....                   (no boots)
Stlth   ..........              f - amulet of reflection
HPRegen 0.11/turn               (no ring)
MPRegen 0.09/turn               (no ring)

@: no status effects
A: sickness immunity, AC +4, negative energy resistance 1, electricity
resistance, torment resistance 1, petrification resistance
a: no special abilities


You were on level 3 of the Dungeon.
You visited 1 branch of the dungeon, and saw 3 of its levels.

You collected 71 gold pieces.

Inventory:

Hand Weapons
 a - a +0 war axe (weapon)
 g - a +0 vorpal mace
Armour
 b - a +0 scale mail (worn)
 c - a +1 buckler (worn)
Jewellery
 f - an amulet of reflection (around neck)
 k - an amulet of the acrobat
Scrolls
 j - a scroll of summoning {unknown}
 l - a scroll of immolation {unknown}
Potions
 d - a potion of might
 e - a potion of curing
 h - a potion of magic {unknown}
 i - a potion of invisibility {unknown}


   Skills:
 + Level 4.0 Fighting
 + Level 3.4 Axes
 + Level 4.2 Armour
 + Level 4.0 Shields


You had 4 spell levels left.
You didn't know any spells.
Your spell library contained the following spells:

 Spells                   Type           Power      Damage    Failure   Level
 Shock                    Conj/Air       0%         1d3       82%         1
 Swiftness                Air            0%         N/A       99%         3
 Airstrike                Air            0%         N/A       100%        4


Dungeon Overview and Level Annotations

Branches:
Dungeon (3/15)

Altars:
Makhleb

Annotations:
D:3 Crazy Yiuf


Innate Abilities, Weirdness & Mutations

You are immune to sickness and miasma.
Your stone body is resilient. (AC +4)
You are immune to poison.
You resist negative energy. (rN+)
You are resistant to electric shocks. (rElec)
You are resistant to unholy torment.
You are immune to petrification.


Message History

No target in view!
No target in view!
No target in view!
Found an escape hatch in the floor.
A kobold comes into view. It is wielding a +0 dagger.
The kobold shouts!
A kobold is nearby!
You slash the kobold!
You kill the kobold!
No target in view!
No target in view!
No target in view!
No target in view!
No target in view!
No target in view!
No target in view!
No target in view!
l - a scroll labelled EMUIMA KYTUOM You now have 71 gold pieces (gained 6).
Things that are here:
a +0 dagger; a +0 ring mail; a kobold corpse
Found a stone staircase leading down.
There is an escape hatch in the ceiling here.
There is a stone staircase leading down here.
You see here 21 sling bullets.
Things that are here:
a +0 club; a +0 spear Crazy Yiuf shouts!
Crazy Yiuf whimpers, "Defame koolooloo Hive!"
Could not explore, unopened runed door.
You open the door.
Crazy Yiuf drinks a potion.
Crazy Yiuf goes berserk!
Crazy Yiuf hits you but does no damage.
There is an open translucent door here.
You hit Crazy Yiuf but do no damage.
Crazy Yiuf hits you with a +3 quarterstaff of chaos!
Space warps around you.
Crazy Yiuf hits you with a +3 quarterstaff of chaos!
* * * LOW HITPOINT WARNING * * *
Crazy Yiuf burns you.
You die...

...#######..#.###..#..######.####
##.##.##.).........#..# #.#
......##.#............# #.#
...##.##.############## #.####
.#.##.##.# #(#... .#.##.##.#
♣♣♣♣♣####.#.## ...##....# ####
♣♣♣.♣....##.#.## ...########
#...#♣..♣......#.#... ..........#
#..g@.♣♣♣♣)...))..### ..######..#
#)..#♣♣ ♣♣.......... ..# #..#
#### ♣♣##....### ..# #..#
#....... ##### #..# #....###
....# #..######### ### ######
....# #...##.#.#.# #.# ....#
######.#...# #.########### ....#
#....#..# #...........#


You could see Crazy Yiuf (berserk).

Vanquished Creatures
  4 gnolls (D:3)
  5 adders
  3 worms
  A dart slug (D:1)
  2 ball pythons (D:1)
  5 bats
  6 endoplasms
  2 giant cockroaches
  10 goblins
  9 hobgoblins
  4 jackals (D:3)
  2 kobolds (D:3)
  2 quokkas
  2 frilled lizards (D:1)
  3 rats (D:1)
60 creatures vanquished.

Notes
Turn   | Place    | Note
-------+----------+-------------------------------------------
     0 | D:1      | bande the Gargoyle Fighter began the quest for the Orb.
     0 | D:1      | Reached XP level 1. HP: 14/14 MP: 1/1
   223 | D:1      | Reached XP level 2. HP: 19/19 MP: 2/2
  1058 | D:1      | Reached XP level 3. HP: 22/23 MP: 3/3
  1058 | D:1      | Found a faded altar of an unknown god.
  1572 | D:2      | Reached XP level 4. HP: 29/29 MP: 4/4
  2265 | D:3      | Reached XP level 5. HP: 11/33 MP: 5/5
  2906 | D:3      | Found a burning altar of Makhleb.
  3075 | D:3      | Found a runed translucent door.
  3076 | D:3      | Noticed Crazy Yiuf
  3412 | D:3      | Slain by Crazy Yiuf

Illustrated notes

Levels and vault maps discovered:
D:1:      onia_arrival_pentagram, layout_basic,
          hellmonk_ecumenical_altar_arch_garden
D:2:      layout_basic, serial_bayou_pond_d, corexii_hall_statues_x,
          chequers_serial_rivers_large_a, moated_statue, st_stairs_10,
          grunt_ministairs_4, serial_bayou_lagoon_b
D:3:      layout_basic, marbit_many_paths, uniq_crazy_yiuf_cottage

Skill      XL: |  1  2  3  4  5 |
---------------+----------------+-----
Axes           | 2 3 |  3.4
Armour         | 4 |  4.2
Fighting       | 4 |  4.0
Shields        | 4 |  4.0

Action                   |  1- 3 |  4- 6 || total
-------------------------+-------+-------++-------
Melee: War axe           |   105 |   107 ||   212
  Use: Scroll            |     3 |     2 ||     5
Armor: Scale mail        |    65 |    41 ||   106
Dodge: Dodged            |    49 |    32 ||    81
Block: Buckler           |    29 |    70 ||    99
       Reflection        |       |     2 ||     2

Table legend: (Time is in decaauts)
 A = Elapsed time spent in this place.
 B = Non-inter-level travel time spent in this place.
 C = Inter-level travel time spent in this place.
 D = Time resting spent in this place.
 E = Time spent auto-exploring this place.
 F = Levels seen in this place.
 G = Mean time per level.
                   A        B        C        D        E       F      G
               +--------+--------+--------+--------+--------+-----+--------+
         Total |   3521 |   3502 |     19 |    244 |   2732 |   3 | 1173.7 |
       Dungeon |   3521 |   3502 |     19 |    244 |   2732 |   3 | 1173.7 |
               +--------+--------+--------+--------+--------+-----+--------+

Top non-repeatable levels by time:
     D:3: 1283 daAuts
     D:1: 1250 daAuts
     D:2: 988 daAuts
